 Dungeon Crawl Stone Soup version 0.23.2-40-g277498a (webtiles) character file.

Game seed: 2693937975089803146

12910 Inchmeat the Severer (level 12, -5/112 HPs)
             Began as a Hill Orc Gladiator on Aug 21, 2019.
             Was an Elder of Makhleb.
             Slain by a meliai
             ... wielding a +0 hand axe
              (6 damage)
             ... on level 13 of the Dungeon.
             The game lasted 00:21:07 (12964 turns).

Inchmeat the Severer (Hill Orc Gladiator)          Turns: 12964, Time: 00:21:08

Health: -5/112     AC: 15    Str: 21    XL:     12   Next: 0%
Magic:  0/12       EV:  8    Int:  9    God:    Makhleb [****..]
Gold:   497        SH:  0    Dex: 12    Spells: 11/11 levels left

rFire    + . .     SeeInvis .   a - +1 war axe
rCold    . . .     Gourm    .   (no shield)
rNeg     . . .     Faith    .   o - +2 chain mail
rPois    .         Spirit   +   c - +0 helmet
rElec    .         Reflect  .   D - scarf {cloud immunity}
rCorr    .         Harm     .   d - +2 pair of gloves
MR       +....                  G - +0 pair of boots
Stlth    ..........             n - amulet of guardian spirit
HPRegen  0.28/turn              u - ring of protection from magic
MPRegen  0.13/turn              y - ring of protection from fire

@: lethally poisoned (-5 -> -7), about to teleport, very slightly contaminated,
lightly drained
A: no striking features
a: Minor Destruction, Lesser Servant of Makhleb, Major Destruction, Renounce
Religion


You were on level 13 of the Dungeon.
You worshipped Makhleb.
Makhleb was greatly pleased with you.
You were not hungry.

You visited 2 branches of the dungeon, and saw 14 of its levels.

You collected 665 gold pieces.
You spent 168 gold pieces at shops.

Inventory:

Hand Weapons
 a - a +1 war axe (weapon)
Missiles
 x - 18 tomahawks (quivered)
Armour
 c - a +0 helmet (worn)
 d - a +2 pair of gloves (worn)
 o - a +2 chain mail (worn)
 D - a scarf of cloud immunity (worn)
 G - a +0 pair of boots (worn)
Jewellery
 n - an amulet of guardian spirit (around neck)
 q - an uncursed ring of stealth
 u - a ring of protection from magic (left hand)
 y - a ring of protection from fire (right hand)
Wands
 g - a wand of acid (5)
 h - a wand of flame (11)
 l - a wand of iceblast (6)
 t - a wand of enslavement (7)
 K - a wand of polymorph (10)
Scrolls
 e - 2 scrolls of identify {@r1}
 m - 3 scrolls of teleportation
 w - a scroll of magic mapping
 A - 6 scrolls of amnesia
 E - 3 scrolls of remove curse {@r2}
Potions
 b - 4 potions of curing {@q1}
 k - 4 potions of heal wounds
 p - 2 potions of resistance
 r - a potion of cancellation
 s - 5 potions of agility
 v - 2 potions of mutation {!q}
 z - 3 potions of lignification
 B - a potion of might
 C - 2 potions of flight {unknown}
 H - a potion of ambrosia
Comestibles
 f - 19 rations


   Skills:
 * Level 12.2 Fighting
 - Level 19.1(19.0) Axes
 - Level 1.7 Throwing
 - Level 2.4(2.3) Dodging


You had 11 spell levels left.
You didn't know any spells.
Your spell library contained the following spells:

 Spells                   Type           Power        Failure   Level  Hunger
 Beastly Appendage        Tmut           #.....       99%         1    ##.....
 Sticks to Snakes         Tmut           #.......     100%        2    ###....
 Recall                   Summ/Tloc      N/A          100%        3    ####...
 Spider Form              Tmut/Pois      #.........   100%        3    ####...
 Animate Dead             Necr           N/A          100%        4    #####..
 Ice Form                 Ice/Tmut       #.......     100%        4    #####..
 Blade Hands              Tmut           #.........   100%        5    ######.
 Borgnjor's Vile Clutch   Necr/Erth      #.........   100%        5    ######.
 Death Channel            Necr           #.........   100%        6    #######
 Simulacrum               Ice/Necr       #.........   100%        6    #######


Dungeon Overview and Level Annotations

Branches:
Dungeon (13/15)            Temple (1/1) D:5             Orc (0/2) D:11
   Lair: D:8-11      Vaults: D:13-14

Altars:
Cheibriados
Gozag
Kikubaaqudgha
Makhleb
Nemelex Xobeh
Uskayaw
Zin

Shops:
D:7 [::!   D:8 [   D:10 %*(

Annotations:
D:8 2 transporters, halloween's ghost, novice MiBe


Message History

Unknown command.
Evoke which item? (* ta show all) (? fer menu, 'sc ta quit) Aimin': Enslavemn't
Press: ? - help, Shift-Dir - straight line, f/p - meliai
Aim: a meliai, wieldin' a +0 hand axe an' wearin' a +0 leathar armour (chance ta defeat MR: 46%) Tha meliai resists wit' some effort.
Ye feel sick.
Tha centaur warrior wields a +0 shortbow.
Tha centaur warrior shoots an arrow.
Tha arrow hits ye!
* * * LOW HITPOINT WARNIN'
* * * Tha meliai hits ye wit' a +0 hand axe.
* * * LOW HITPOINT WARNIN'
* * * Tha meliai closely misses ye.
Okay, than.
As ye read tha scroll o' teleportation, it crumbles ta dust.
Ye feel strangely unst'ble.
Ye feel sick.
Tha meliai invokes tha aid o' its god against ye.
Somethin' smites ye!
* * * LOW HITPOINT WARNIN'
* * * Tha meliai hits ye wit' a +0 hand axe!
Ye die...

#.........#
#.........#
#####..####
#..# ######..#
##...##..#
##.....#..#
#.........#
#@........#
#.y.....#.....
##.............
#..............
#.......#......
#.......#......
##cc...##..###.
#(..(....
#...>....


You could see a centaur warrior, a meliai and a centaur.

Vanquished Creatures
  Erolcha (D:9)
  2 unseen horrors (D:10)
  A cyclops (D:11)
  A deep elf mage (D:13)
  2 centaur zombies
  Joseph (D:9)
  A kobold demonologist (D:11)
  3 trolls
  4 hippogriffs
  Sigmund (D:2)
  12 yaks
  A wyvern (D:11)
  Menkaure (D:7)
  A water moccasin (D:10)
  2 soldier ants (D:13)
  3 sky beasts
  3 ice beasts
  A black bear (D:9)
  5 orc warriors
  A necrophage (D:9)
  3 ogres
  A phantom (D:6)
  A big kobold (D:7)
  8 bullfrogs
  2 scorpions (D:5)
  3 killer bees (D:10)
  14 wights
  A howler monkey (D:7)
  4 crimson imps
  5 hounds
  2 jellies
  3 orc priests
  A bullfrog skeleton (D:7)
  5 orc wizards
  5 centaur skeletons
  Jessica (D:3)
  2 iguanas
  Natasha (twice) (D:2 D:1)
  7 worker ants
  A killer bee zombie (D:6)
  A hound zombie (D:8)
  10 gnolls
  A howler monkey skeleton (D:6)
  12 adders
  4 shadow imps
  5 worms
  An adder skeleton (D:6)
  2 dart slugs
  8 leopard geckos
  27 orcs
  A ball python (D:3)
  2 giant cockroaches
  10 hobgoblins
  21 jackals
  6 bats
  5 frilled lizards
  A giant cockroach zombie (D:6)
  6 goblins
  18 kobolds
  A leopard gecko skeleton (D:6)
  A quokka skeleton (D:6)
  9 rats
270 creatures vanquished.

Vanquished Creatures (others)
  An unseen horror (D:12)
  A meliai (D:13)
  A worker ant (D:13)
3 creatures vanquished.

Grand Total: 273 creatures vanquished

Notes
Turn   | Place    | Note
-------+----------+-------------------------------------------
     0 | D:1      | Inchmeat the Hill Orc Gladiator began the quest for the
                  | Orb.
     0 | D:1      | Reached XP level 1. HP: 18/18 MP: 1/1
   176 | D:1      | Reached XP level 2. HP: 25/25 MP: 2/2
   322 | D:1      | Reached skill level 5 in Axes
   546 | D:1      | Reached XP level 3. HP: 21/30 MP: 3/3
  1370 | D:2      | Reached skill level 6 in Axes
  1477 | D:2      | Reached XP level 4. HP: 37/37 MP: 4/4
  1554 | D:2      | Noticed Natasha
  1564 | D:2      | Noticed Sigmund
  1570 | D:2      | Killed Natasha
  2015 | D:2      | Noticed Natasha
  2028 | D:1      | Killed Natasha
  2028 | D:1      | Reached skill level 7 in Axes
  2028 | D:1      | Reached XP level 5. HP: 6/42 MP: 5/5
  2571 | D:2      | Killed Sigmund
  2571 | D:2      | Reached skill level 8 in Axes
  2571 | D:2      | Reached XP level 6. HP: 41/50 MP: 6/6
  3227 | D:3      | Reached skill level 9 in Axes
  4101 | D:3      | Noticed Jessica
  4105 | D:3      | Killed Jessica
  4169 | D:4      | Reached skill level 10 in Axes
  4169 | D:4      | Reached XP level 7. HP: 55/56 MP: 7/7
  4947 | D:5      | Entered Level 5 of the Dungeon
  5097 | D:5      | Found a staircase to the Ecumenical Temple.
  5145 | D:5      | Reached skill level 11 in Axes
  5181 | Temple   | Entered the Ecumenical Temple
  5264 | Temple   | Became a worshipper of Makhleb the Destroyer
  6020 | D:6      | Reached skill level 12 in Axes
  6020 | D:6      | Reached XP level 8. HP: 46/62 MP: 8/8
  6541 | D:6      | Reached skill level 13 in Axes
  7123 | D:7      | Reached * piety under Makhleb
  7123 | D:7      | Reached skill level 14 in Axes
  7156 | D:7      | Noticed Menkaure
  7178 | D:7      | Reached XP level 9. HP: 68/68 MP: 9/9
  7419 | D:7      | Found Jamimoic's Armour Boutique.
  7461 | D:7      | Found Laadgh's Book Emporium.
  7666 | D:7      | Killed Menkaure
  7666 | D:7      | Reached skill level 15 in Axes
  7712 | D:7      | Found a sparkling altar of Nemelex Xobeh.
  7765 | D:7      | Found Emagua's Distillery.
  7780 | D:7      | Found Zyucwaed's Book Emporium.
  7786 | D:7      | Bought a potion of heal wounds for 60 gold pieces
  7786 | D:7      | Bought a potion of might for 48 gold pieces
  7786 | D:7      | Bought a potion of heal wounds for 60 gold pieces
  8008 | D:8      | Noticed halloween's ghost (novice MiBe)
  8009 | D:8      | Found a transporter.
  8010 | D:8      | Identified the +6 great mace of the Crypt {crush, rC+}
  8017 | D:8      | Found a transporter.
  8048 | D:8      | Reached skill level 16 in Axes
  8052 | D:8      | Reached ** piety under Makhleb
  8463 | D:8      | Found Epacled's Armour Shop.
  8475 | D:8      | Noticed Joseph
  8496 | D:9      | Killed Joseph
  8496 | D:9      | Reached skill level 17 in Axes
  8496 | D:9      | Reached XP level 10. HP: 34/74 MP: 3/10
  9300 | D:9      | Noticed Erolcha
  9309 | D:9      | Killed Erolcha
  9309 | D:9      | Reached skill level 18 in Axes
  9460 | D:10     | Entered Level 10 of the Dungeon
  9475 | D:10     | Found Geusiug's Food Boutique.
  9661 | D:10     | Killed an unseen horror
 10015 | D:10     | Found Wainteoj's Weapon Boutique.
 10027 | D:10     | Reached skill level 19 in Axes
 10102 | D:10     | Found Nuugh's General Store.
 10611 | D:10     | Killed an unseen horror
 10611 | D:10     | Reached XP level 11. HP: 84/84 MP: 11/11
 10956 | D:10     | Reached skill level 5 in Fighting
 11427 | D:11     | Reached *** piety under Makhleb
 11460 | D:11     | Found a large runed translucent door.
 11581 | D:11     | Found a large runed translucent door.
 11633 | D:11     | Noticed a cyclops
 11645 | D:11     | Killed a cyclops
 11737 | D:11     | Reached skill level 10 in Fighting
 11750 | D:11     | Found a staircase to the Orcish Mines.
 12157 | D:11     | Noticed a fire giant
 12158 | D:11     | Noticed a frost giant
 12250 | D:12     | Reached **** piety under Makhleb
 12267 | D:12     | Noticed a deep elf mage
 12270 | D:12     | Killed an unseen horror
 12604 | D:13     | Noticed a centaur warrior
 12615 | D:13     | Noticed a deep elf mage
 12625 | D:13     | Killed a deep elf mage
 12950 | D:13     | Reached XP level 12. HP: 81/112 MP: 9/12
 12958 | D:13     | Noticed a centaur warrior
 12964 | D:13     | HP: 1/112 [meliai/divine providence (16)]
 12964 | D:13     | Slain by a meliai

Skill      XL: |  1  2  3  4  5  6  7  8  9 10 11 |
---------------+----------------------------------+-----
Axes           | 5 6 7 8 10 12 14 17 19 | 19.1
Fighting       | 4 12 | 12.2
Throwing       | |  1.7
Dodging        | |  2.4

Action                   |  1- 3 |  4- 6 |  7- 9 | 10-12 || total
-------------------------+-------+-------+-------+-------++-------
Melee: War axe           |    85 |   180 |   416 |   400 ||  1081
Throw: Throwing net      |       |     3 |     7 |     2 ||    12
       Tomahawk          |       |       |     1 |       ||     1
Evoke: Wand              |       |       |     1 |    10 ||    11
  Use: Potion            |       |     1 |       |     3 ||     4
       Scroll            |       |     4 |    17 |    12 ||    33
 Stab: Held in net/web   |       |     1 |     3 |       ||     4
       Invisible         |       |       |       |     7 ||     7
  Eat: Chunk             |     2 |     5 |    11 |     7 ||    25
       Ration            |       |     1 |     1 |     2 ||     4
Armor: Leather armour    |    20 |    21 |       |       ||    41
       Chain mail        |       |    37 |   198 |   368 ||   603
Dodge: Dodged            |    65 |   106 |   121 |   137 ||   429
